 Dungeon Crawl Stone Soup version 0.21.1-1-g345015f (webtiles) character file.

17110 Mesmaeker13 the Basher (level 11, -1/89 HPs)
             Began as a Demigod Wanderer on Mar 30, 2018.
             Killed from afar by an electric eel (12 damage)
             ... with a bolt of electricity
             ... on level 3 of the Lair of Beasts on Mar 31, 2018.
             The game lasted 00:40:54 (18304 turns).

Mesmaeker13 the Basher (Demigod Wanderer)          Turns: 18304, Time: 00:40:55

Health: -1/89      AC: 11    Str: 20    XL:     11   Next: 88%
Magic:  20/20      EV: 16    Int: 15    God:
Gold:   641        SH:  5    Dex: 17    Spells: 9/18 levels left

rFire    + . .     SeeInvis .   N - +2 flail (freeze)
rCold    . . .     Gourm    .   p - +0 buckler
rNeg     . . .     Faith    .   o - +0 ring mail
rPois    +         Spirit   .   y - +0 helmet
rElec    .         Reflect  .   (no cloak)
rCorr    .         Harm     .   j - +1 pair of gloves
MR       +....                  c - +0 pair of boots
Stlth    +.........             r - amulet of rage
HPRegen  0.24/turn              e - ring of poison resistance
MPRegen  0.17/turn              S - ring of protection from fire

@: no status effects
A: icy blue scales 1, high mp 1, wild magic 1
a: Evoke Berserk Rage


You were on level 3 of the Lair of Beasts.
You were not hungry.

You visited 2 branches of the dungeon, and saw 13 of its levels.

You collected 641 gold pieces.

Inventory:

Hand Weapons
 u - a +0 blowgun
 N - a +2 flail of freezing (weapon)
Missiles
 g - 5 javelins (quivered)
 l - 11 tomahawks
 x - 45 poisoned needles
Armour
 c - a +0 pair of boots (worn)
 j - a +1 pair of gloves (worn)
 o - a +0 ring mail (worn)
 p - a +0 buckler (worn)
 y - a +0 helmet (worn)
Jewellery
 b - an uncursed ring of ice
 e - a ring of poison resistance (left hand)
 r - an amulet of rage (around neck)
 C - an uncursed ring of protection from fire
 H - a +3 ring of strength
 S - a ring of protection from fire (right hand)
Wands
 k - a wand of acid (15)
 t - a wand of random effects (27)
 v - a wand of flame (21)
 I - a wand of clouds (8)
 J - a wand of iceblast (8)
Scrolls
 a - a scroll of enchant armour
 h - 7 scrolls of teleportation
 m - 6 scrolls of remove curse
 n - a scroll of fear {unknown}
 s - 2 scrolls of identify
 w - a scroll of fog
 B - 2 scrolls of vulnerability {unknown}
 E - 4 scrolls of magic mapping {unknown}
 F - a scroll of amnesia
 G - 2 scrolls of blinking
 K - a scroll of acquirement {unknown}
Potions
 d - 3 potions of agility
 i - 6 potions of flight
 q - 5 potions of curing
 z - a potion of berserk rage {unknown}
 A - a potion of heal wounds
 D - a potion of invisibility {unknown}
 M - a potion of magic {unknown}
 O - 2 potions of cancellation {unknown}
 Q - a potion of might {unknown}
 T - 4 potions of degeneration {unknown}
Comestibles
 f - 17 rations


   Skills:
 + Level 6.2 Fighting
 + Level 9.3 Maces & Flails
 + Level 8.5 Dodging
 - Level 4.0 Shields
 - Level 4.0 Spellcasting
 + Level 5.6 Hexes
 + Level 6.6 Charms
 + Level 6.0 Necromancy
 - Level 2.0 Translocations
   Level 1.0 Transmutations
   Level 1.7 Fire Magic
 - Level 1.1 Evocations


You had 9 spell levels left.
You knew the following spells:

 Your Spells              Type           Power        Failure   Level  Hunger
a - Infusion              Chrm           ####         3%          1    None
b - Shroud of Golubria    Chrm/Tloc      ###.......   12%         2    ##.....
c - Spectral Weapon       Hex/Chrm       ####....     12%         3    ###....
d - Regeneration          Chrm/Necr      ####......   11%         3    ###....


Dungeon Overview and Level Annotations

Branches:
Dungeon (10/15)            Temple (0/1) D:7            Lair (3/6) D:9
  Swamp (0/4) Lair:3        Snake (0/4) Lair:2
    Orc: D:9-12

Shops:
D:10 *

Annotations:
Lair:2 Curus's ghost, journeyman HOBe


Innate Abilities, Weirdness & Mutations

You have an increased reservoir of magic. (+10% MP)
You are partially covered in icy blue scales. (AC +2)
Your spells are a little harder to cast, but a little more powerful.


Message History

* * * LOW HITPOINT WARNING * * *
You feel much better.
You barely miss the electric eel.
The electric eel is almost dead.
You barely miss the electric eel.
The electric eel is almost dead.
The electric eel is no longer moving slowly.
The electric eel shoots out a bolt of lightning at you!
The bolt of electricity hits you! x2
* * * LOW HITPOINT WARNING * * *
You closely miss the electric eel.
The electric eel is almost dead.
The electric eel shoots out a bolt of lightning at you!
The bolt of electricity hits you!
* * * LOW HITPOINT WARNING * * *
The bolt of electricity hits you!
* * * LOW HITPOINT WARNING * * *
The electric eel shoots out a bolt of lightning at you!
The bolt of electricity hits you!
You die...

#...............#P#.##
#...............#####.
##....................
#.....................
#....#########...#.#..
####............##..#.#..
#......#########.##.#[#..
#†###############.#.#.#..
##.# ##..@;≈≈≈≈# #.###.#..
#..###.########≈###.##.#..
##.......≈≈≈._.≈≈≈.....#..
#..####.###≈########.###.#
#### ##.# ≈≈≈≈≈...####+#
.# #########..... #. .....
#. ..... ## .....


You could see an electric eel.

Vanquished Creatures
  A hydra (Lair:1)
  Fannar (Lair:2)
  Pikel (D:7)
  The ghost of tidbits the Chiller, a novice GnIE (D:7)
  2 torpor snails (Lair:3)
  4 spiny frogs
  A komodo dragon (Lair:2)
  A troll (D:10)
  A polar bear (Lair:3)
  6 blink frogs
  2 hippogriffs (D:9)
  A wraith (D:10)
  29 yaks
  A spriggan (D:7)
  Eustachio (D:4)
  2 hungry ghosts
  Edmund (D:6)
  9 water moccasins
  3 porcupines
  An ice beast (D:9)
  2 orc warriors
  3 sky beasts
  3 slaves (D:7)
  An eye of draining (D:9)
  5 wolves
  7 centaurs
  2 ogres
  4 crocodiles
  5 bullfrogs
  2 scorpions
  6 killer bees (D:9)
  14 wights
  A howler monkey (D:8)
  6 crimson imps
  A centaur zombie (D:9)
  2 orc priests
  A centaur skeleton (D:8)
  3 hounds
  3 jellies
  8 orc wizards
  9 worker ants
  2 killer bee zombies
  2 hound zombies (D:8)
  A hound skeleton (D:7)
  12 gnolls
  17 adders
  2 shadow imps
  2 oozes
  2 adder zombies
  2 adder skeletons
  A worm (D:5)
  9 leopard geckos
  17 orcs
  4 giant cockroaches
  11 goblins
  7 hobgoblins
  4 jackals
  3 quokkas
  6 bats
  10 frilled lizards
  7 kobolds
  A quokka skeleton (D:5)
  A quokka zombie (D:7)
  5 rats
285 creatures vanquished.

Vanquished Creatures (others)
  A wizard (D:7)
  A bush (Lair:2)
  4 fungi (Lair:2)
  8 plants (Lair:2)
  9 spectral weapons
23 creatures vanquished.

Grand Total: 308 creatures vanquished

Notes
Turn   | Place    | Note
-------+----------+-------------------------------------------
     0 | D:1      | Mesmaeker13 the Demigod Wanderer began the quest for the Orb.
     0 | D:1      | Mesmaeker13 set off with: a book of Battle, the Reference Book on Confrontation, a potion of lignification, a +0 robe, a +0 club, a ration
     0 | D:1      | Reached XP level 1. HP: 14/14 MP: 4/4
     0 | D:1      | Identified the Reference Book on Confrontation
     2 | D:1      | Learned a level 1 spell: Infusion
  1111 | D:1      | Reached XP level 2. HP: 16/22 MP: 1/5
  1313 | D:1      | Reached skill level 1 in Fighting
  1645 | D:2      | Learned a level 2 spell: Shroud of Golubria
  2105 | D:2      | Reached XP level 3. HP: 28/28 MP: 6/6
  2774 | D:3      | Reached skill level 1 in Maces & Flails
  3137 | D:3      | Reached XP level 4. HP: 35/35 MP: 8/8
  4699 | D:2      | Reached skill level 2 in Maces & Flails
  4699 | D:2      | Reached XP level 5. HP: 40/40 MP: 5/9
  5607 | D:4      | Noticed Eustachio
  5781 | D:4      | Reached XP level 6. HP: 30/47 MP: 5/10
  5969 | D:4      | Reached skill level 5 in Charms
  6498 | D:5      | Entered Level 5 of the Dungeon
  6754 | D:5      | Reached skill level 3 in Maces & Flails
  6754 | D:5      | Reached skill level 1 in Translocations
  7451 | D:5      | Reached XP level 7. HP: 40/52 MP: 5/11
  7626 | D:5      | Found a snail-covered altar of Cheibriados.
  7664 | D:5      | Learned a level 3 spell: Spectral Weapon
  7895 | D:6      | Reached skill level 1 in Dodging
  7932 | D:6      | Noticed Edmund
  7965 | D:6      | Killed Edmund
  7965 | D:6      | Reached skill level 4 in Maces & Flails
  7965 | D:6      | Reached skill level 1 in Hexes
  8890 | D:4      | Killed Eustachio
  9295 | D:7      | Reached XP level 8. HP: 59/59 MP: 7/12
  9453 | D:7      | Reached skill level 5 in Maces & Flails
  9703 | D:7      | Noticed tidbits's ghost (novice GnIE)
  9721 | D:7      | Killed tidbits's ghost
 10239 | D:7      | Found a staircase to the Ecumenical Temple.
 10344 | D:7      | Noticed Pikel
 10634 | D:7      | Reached skill level 6 in Maces & Flails
 10783 | D:6      | Reached XP level 9. HP: 27/64 MP: 5/13
 11150 | D:7      | Reached skill level 5 in Dodging
 11150 | D:7      | Reached skill level 5 in Hexes
 11283 | D:7      | Killed Pikel
 11566 | D:7      | Found a bloodstained altar of Trog.
 11567 | D:7      | Noticed a wizard
 11572 | D:7      | Killed a wizard
 11697 | D:8      | Learned a level 3 spell: Regeneration
 11852 | D:8      | Reached skill level 7 in Maces & Flails
 11949 | D:8      | Reached skill level 1 in Necromancy
 12539 | D:9      | Found a staircase to the Lair.
 12943 | D:9      | Reached XP level 10. HP: 26/74 MP: 15/17
 13475 | D:9      | Gained mutation: You have sharp fingernails. [potion of mutation]
 13475 | D:9      | Gained mutation: Your body sometimes deteriorates upon taking damage. [potion of mutation]
 13475 | D:9      | Gained mutation: You are resistant to hostile enchantments. (MR+) [potion of mutation]
 13475 | D:9      | Gained mutation: Your mind is acute. (Int +2) [potion of mutation]
 13476 | D:9      | Lost mutation: You are resistant to hostile enchantments. (MR+) [potion of mutation]
 13476 | D:9      | Lost mutation: You have sharp fingernails. [potion of mutation]
 13476 | D:9      | Lost mutation: Your mind is acute. (Int +2) [potion of mutation]
 13476 | D:9      | Gained mutation: Scrolls take you a little longer to read. [potion of mutation]
 13476 | D:9      | Gained mutation: You possess an exceptional clarity of mind. [potion of mutation]
 13477 | D:9      | Lost mutation: Scrolls take you a little longer to read. [potion of mutation]
 13477 | D:9      | Lost mutation: Your body sometimes deteriorates upon taking damage. [potion of mutation]
 13477 | D:9      | Lost mutation: You possess an exceptional clarity of mind. [potion of mutation]
 13477 | D:9      | Gained mutation: Your spells are a little harder to cast, but a little more powerful. [potion of mutation]
 13477 | D:9      | Gained mutation: You are partially covered in icy blue scales. (AC +2) [potion of mutation]
 13797 | D:9      | Reached skill level 8 in Maces & Flails
 13896 | D:10     | Entered Level 10 of the Dungeon
 14015 | D:10     | Found Vaitzu's Assorted Antiques.
 14702 | Lair:1   | Entered Level 1 of the Lair of Beasts
 15030 | Lair:1   | Noticed a five-headed hydra
 15049 | Lair:1   | Killed a five-headed hydra
 15049 | Lair:1   | Reached XP level 11. HP: 62/85 MP: 18/20
 15660 | Lair:2   | Reached skill level 5 in Fighting
 15756 | Lair:2   | Noticed Fannar
 15803 | Lair:2   | Killed Fannar
 15890 | Lair:2   | Reached skill level 5 in Necromancy
 15966 | Lair:2   | Noticed Curus's ghost (journeyman HOBe)
 16839 | Lair:2   | Reached skill level 9 in Maces & Flails
 17526 | Lair:2   | Found a staircase to the Snake Pit.
 17715 | Lair:3   | Found a staircase to the Swamp.
 18098 | Lair:3   | Found a snail-covered altar of Cheibriados.
 18304 | Lair:3   | Killed from afar by an electric eel

Skill      XL: |  1  2  3  4  5  6  7  8  9 10 11 |
---------------+----------------------------------+-----
Fighting       | 1 2 4 6 |  6.2
Charms         | 4 5 6 |  6.6
Maces & Flails | 1 2 3 4 6 7 8 9 |  9.3
Shields        | 2 3 4 |  4.0
Translocations | 1 2 |  2.0
Dodging        | 3 4 6 7 8 |  8.5
Hexes          | 2 4 5 |  5.6
Necromancy     | 2 4 6 |  6.0
Spellcasting   | 2 4 |  4.0
Transmutations | |  1.0
Fire Magic     | |  1.7
Evocations     | |  1.1

Action                   |  1- 3 |  4- 6 |  7- 9 | 10-12 || total
-------------------------+-------+-------+-------+-------++-------
Melee: Whip              |   150 |   212 |    37 |       ||   399
       Club              |    14 |       |       |       ||    14
       Flail             |       |       |   289 |   438 ||   727
 Fire: Blowgun           |     6 |     3 |     4 |       ||    13
Throw: Stone             |     4 |       |       |       ||     4
 Cast: Infusion          |    15 |    24 |    18 |     2 ||    59
       Shroud of Golubri |     1 |    14 |    27 |    14 ||    56
       Spectral Weapon   |       |       |    22 |    37 ||    59
       Regeneration      |       |       |       |    12 ||    12
Evoke: Wand              |       |     9 |     4 |     8 ||    21
  Use: Scroll            |     2 |    10 |     3 |     2 ||    17
       Potion            |       |     2 |     5 |     5 ||    12
 Stab: Sleeping          |     2 |       |       |     2 ||     4
       Distracted        |       |       |     5 |     5 ||    10
       Confused          |       |       |       |     6 ||     6
  Eat: Chunk             |     8 |     8 |    24 |    23 ||    63
       Ration            |       |     2 |       |     1 ||     3
Armor: Robe              |    51 |    24 |       |       ||    75
       Skin              |       |     6 |     2 |       ||     8
       Leather armour    |       |    17 |    77 |     2 ||    96
       Ring mail         |       |       |       |    95 ||    95
Dodge: Dodged            |   114 |   108 |   164 |   282 ||   668
Block: Buckler           |       |    23 |    72 |    93 ||   188
